 Dungeon Crawl Stone Soup version 0.29.1-15-g9cfb28693d (webtiles) character file.

Game seed: 15668432754416571191

420 Heoruswealwe the Geomancer (level 6, -1/32 HPs)
             Began as a Deep Elf Earth Elementalist on May 2, 2023.
             Slain by Duvessa
             ... wielding a +0 short sword of speed
              (5 damage)
             ... on level 4 of the Dungeon.
             The game lasted 00:29:32 (3510 turns).

Heoruswealwe the Geomancer (DEEE)                   Turns: 3510, Time: 00:29:33

Health: -1/32      AC:  8    Str:  5    XL:     6   Next: 62%
Magic:  4/12       EV: 12    Int: 22    God:
Gold:   146        SH:  0    Dex: 15    Spells: 5/11 levels left

rFire   . . .      SeeInvis .   b - +2 short sword (elec)
rCold   . . .      Faith    .   (no shield)
rNeg    . . .      Spirit   .   c - +0 robe
rPois   .          Reflect  .   g - +2 hat
rElec   .          Harm     .   (no cloak)
rCorr   .          Rampage  .   (no gloves)
Will    .....                   (no boots)
Stlth   ++........              (no amulet)
HPRegen 0.10/turn               k - ring of wizardry
MPRegen 0.13/turn               j - +4 ring of protection

@: no status effects
A: no striking features
a: no special abilities


You were on level 4 of the Dungeon.
You visited 1 branch of the dungeon, and saw 4 of its levels.

You collected 146 gold pieces.

Inventory:

Hand Weapons
 b - a +2 short sword of electrocution (weapon)
Armour
 c - a +0 robe (worn)
 f - a +0 robe
 g - a +2 hat (worn)
 q - a +0 robe
Jewellery
 j - a +4 ring of protection (right hand)
 k - a ring of wizardry (left hand)
Wands
 x - a wand of light (13)
Scrolls
 a - a scroll of enchant weapon {unknown}
 e - 2 scrolls of teleportation {unknown}
 h - a scroll of blinking {unknown}
 i - a scroll of torment {unknown}
 l - a scroll of amnesia {unknown}
 m - 3 scrolls of identify {unknown}
 s - a scroll of noise {unknown}
 w - 2 scrolls of butterflies {unknown}
Potions
 d - a potion of magic
 n - a potion of might {unknown}
 o - a potion of haste
 p - a potion of lignification {unknown}
 r - a potion of mutation {unknown}
 t - 3 potions of curing
 u - a potion of brilliance {unknown}
 v - 2 potions of resistance {unknown}
 z - a potion of flight {unknown}


   Skills:
 - Level 2.4 Dodging
 - Level 2.4 Stealth
 - Level 3.0 Spellcasting
 - Level 1.1 Transmutations
 + Level 8.3 Earth Magic


You had 5 spell levels left.
You knew the following spells:

 Your Spells              Type           Power      Damage    Failure   Level
a - Sandblast             Erth           80%        2d17      1%          1
b - Stone Arrow           Conj/Erth      42%        3d9       2%          3
z - Passwall              Tmut/Erth      20%        N/A       1%          2

Your spell library contained the following spells:

 Spells                   Type           Power      Damage    Failure   Level
 Summon Small Mammal      Summ           12%        N/A       4%          1
 Petrify                  Tmut/Erth      24%        N/A       8%          4
 Call Canine Familiar     Summ           3%         N/A       16%         3
 Summon Guardian Golem    Hex/Summ       3%         N/A       16%         3


Dungeon Overview and Level Annotations

Branches:
Dungeon (4/15)
 Temple: D:4-7

Altars:
Ru

Annotations:
D:4 Dowan, Duvessa


Message History

Duvessa is moderately wounded.
Duvessa hits you with a +0 short sword of speed. x2
The blast of sand hits Duvessa but does no damage.
Duvessa is moderately wounded.
Duvessa hits you with a +0 short sword of speed!
Duvessa closely misses you. Duvessa hits you but does no damage.
Casting: Sandblast (safe; 1% risk of failure)
Confirm with . or Enter, or press ? or * to list all spells.
Aiming: Sandblast (safe; 1% risk of failure)
Press: ? - help, Shift-Dir - straight line, f/p - Duvessa
Aim: Duvessa, wielding a +0 short sword of speed and wearing a +0 chain mail (moderately wounded, 91% to hit)
The blast of sand hits Duvessa!
Duvessa is severely wounded.
Duvessa closely misses you. Dowan barely misses you.
Duvessa hits you but does no damage.
Casting: Sandblast (safe; 1% risk of failure)
Confirm with . or Enter, or press ? or * to list all spells.
Aiming: Sandblast (safe; 1% risk of failure)
Press: ? - help, Shift-Dir - straight line, f/p - Duvessa
Aim: Duvessa, wielding a +0 short sword of speed and wearing a +0 chain mail (severely wounded, 91% to hit)
The blast of sand hits Duvessa.
Duvessa is severely wounded.
Duvessa hits you with a +0 short sword of speed.
Dowan hits you with a +0 dagger.
Duvessa hits you with a +0 short sword of speed.
* * * LOW HITPOINT WARNING * * *
Dowan misses you.
Casting: Sandblast (safe; 1% risk of failure)
Confirm with . or Enter, or press ? or * to list all spells.
Aiming: Sandblast (safe; 1% risk of failure)
Press: ? - help, Shift-Dir - straight line, f/p - Duvessa
Aim: Duvessa, wielding a +0 short sword of speed and wearing a +0 chain mail (severely wounded, 91% to hit)
The blast of sand misses Duvessa.
Duvessa hits you with a +0 short sword of speed.
* * * LOW HITPOINT WARNING * * *
Duvessa hits you with a +0 short sword of speed.
* * * LOW HITPOINT WARNING * * *
Dowan hits you but does no damage.
Duvessa hits you with a +0 short sword of speed.
You die...

###.########.#......#
..........##.#......#
.....)###.##.#......#
..........##.#......#
#####.##...#.#......#
#.# #....#......# #.#
#....#......# #.#
#........# #.#
###..@e..# #####'###
#...e..# ........#
#####.## ........#
..) ....)...# ....
......†.# .....
........# ....
........# ....
........#


You could see Duvessa and Dowan.

Vanquished Creatures
  Sigmund (D:2)
  An ogre (D:4)
  Ijyb (D:3)
  Terence (D:2)
  6 adders
  3 dart slugs
  2 worms (D:2)
  2 orcs (D:3)
  6 bats
  5 endoplasms
  2 giant cockroaches
  7 goblins
  3 hobgoblins
  7 jackals
  A quokka (D:1)
  5 ball pythons
  A frilled lizard (D:3)
  8 kobolds
  3 rats
  25 bushes (D:3)
90 creatures vanquished.

Vanquished Creatures (others)
  18 plants (D:3)
18 creatures vanquished.

Grand Total: 108 creatures vanquished

Notes
Turn   | Place    | Note
-------+----------+-------------------------------------------
     0 | D:1      | Heoruswealwe the Deep Elf Earth Elementalist began the
                  | quest for the Orb.
     0 | D:1      | Reached XP level 1. HP: 10/10 MP: 6/6
   442 | D:1      | Reached XP level 2. HP: 15/15 MP: 6/8
   445 | D:1      | Learned a level 2 spell: Passwall
   501 | D:1      | Reached skill level 4 in Earth Magic
   951 | D:2      | Identified the +1 robe "Yptun" {rC+ Will- Stlth+}
  1002 | D:2      | Noticed Terence
  1011 | D:2      | Killed Terence
  1012 | D:2      | Reached skill level 5 in Earth Magic
  1012 | D:2      | Reached XP level 3. HP: 4/19 MP: 0/9
  1293 | D:2      | Learned a level 3 spell: Stone Arrow
  1300 | D:2      | Noticed Sigmund
  1311 | D:2      | Killed Sigmund
  1312 | D:2      | Reached skill level 7 in Earth Magic
  1312 | D:2      | Reached XP level 4. HP: 8/24 MP: 5/10
  1312 | D:2      | Reached XP level 5. HP: 10/28 MP: 5/11
  1381 | D:2      | Identified the +2 leather armour of the Morning Star
                  | {Rampage Regen+ Stlth+}
  1759 | D:3      | Found a faded altar of an unknown god.
  1773 | D:3      | Prayed at the altar of an unknown god.
  1773 | D:3      | Became a worshipper of Ru the Awakened
  1774 | D:3      | Fell from the grace of Ru
  1992 | D:3      | Reached XP level 6. HP: 32/32 MP: 8/12
  2061 | D:3      | Noticed Ijyb
  2064 | D:3      | Killed Ijyb
  3359 | D:4      | Reached skill level 8 in Earth Magic
  3501 | D:4      | Noticed Duvessa
  3505 | D:4      | Noticed Dowan
  3510 | D:4      | Slain by Duvessa

Illustrated notes

Levels and vault maps discovered:
D:1:      lemuel_arrival_room, layout_loops_corners
D:2:      layout_loops_ring, uniq_terence, uniq_sigmund
D:3:      layout_basic, serial_forest, infiniplex_forest_corner_2,
          infiniplex_forest_lined_room_, infiniplex_forest_clump_double,
          infiniplex_forest_clump_curved, infiniplex_forest_straight_2,
          infiniplex_forest_lined_2, infiniplex_forest_straight_5,
          infiniplex_forest_lined_room_, ebering_ecumenical_altar_abandoned,
          uniq_ijyb
D:4:      layout_basic, minmay_temple_entry_waves, uniq_duvessa, uniq_edmund

Skill      XL: |  1  2  3  4  5  6 |
---------------+-------------------+-----
Earth Magic    | 5 7 8 |  8.3
Dodging        | |  2.4
Stealth        | |  2.4
Spellcasting   | |  3.0
Transmutations | |  1.1

Action                   |  1- 3 |  4- 6 || total
-------------------------+-------+-------++-------
Melee: Dagger            |       |     9 ||     9
       Short sword       |       |   812 ||   812
       Punch             |       |    18 ||    18
 Cast: Sandblast         |    40 |    64 ||   104
Invok: Renounce Religion |       |     1 ||     1
  Use: Potion            |     1 |       ||     1
Armor: Robe              |     2 |     9 ||    11
Dodge: Dodged            |     7 |    10 ||    17
